 Dungeon Crawl Stone Soup version 0.20.1-1-g8b1a95d (webtiles) character file.

1872 polve the Carver (level 9, -5/48 HPs)
             Began as a Vine Stalker Fighter on July 23, 2017.
             Was a Believer of Uskayaw.
             Killed by divine providence
             ... invoked by an orc priest
              (11 damage)
             ... on level 7 of the Dungeon.
             The game lasted 00:06:24 (5399 turns).

polve the Carver (Vine Stalker Fighter)             Turns: 5399, Time: 00:06:25

Health: -5/48      AC:  9    Str: 19    XL:     9   Next: 14%
Magic:  0/23       EV:  7    Int:  8    God:    Uskayaw [**....]
Gold:   346        SH:  9    Dex: 17    Spells: 8/8 levels left

rFire    . . .     SeeInvis +   a - +0 long sword
rCold    + . .     Gourm    +   c - +0 shield
rNeg     . . .     Faith    .   B - +1 scale mail {rC+}
rPois    .         Spirit   +   y - +0 helmet
rElec    .         Reflect  .   (no cloak)
rCorr    .         Harm     .   d - +0 pair of gloves
MR       +....                  (no boots)
Stlth    ..........             j - amulet of the gourmand
Regen    0.6/turn               h - ring of magical power
MPRegen  0.2/turn               n - ring of see invisible

@: no status effects
A: fangs 3, regeneration 1, magic shield, antimagic bite, no potion heal 3, rot
immunity
a: Stomp, Line Pass, Renounce Religion


You were on level 7 of the Dungeon.
You worshipped Uskayaw.
Uskayaw was noncommittal.
You were very full.

You visited 2 branches of the dungeon, and saw 8 of its levels.

You collected 346 gold pieces.

Inventory:

Hand Weapons
 a - a +0 long sword (weapon)
Armour
 c - a +0 shield (worn)
 d - a +0 pair of gloves (worn)
 y - a +0 helmet (worn)
 B - a +1 scale mail of cold resistance (worn)
Jewellery
 h - a ring of magical power (left hand)
 j - an amulet of the gourmand (around neck)
 n - a ring of see invisible (right hand)
Wands
 E - a wand of iceblast (8/15)
 G - a wand of digging (14/24)
Scrolls
 e - 2 scrolls of immolation {unknown}
 g - 2 scrolls of enchant weapon {unknown}
 k - 9 scrolls of identify {unknown}
 m - 2 scrolls of blinking {unknown}
 p - 3 scrolls of enchant armour {unknown}
 s - 3 scrolls of magic mapping {unknown}
 u - 2 scrolls of remove curse {unknown}
 w - 2 scrolls of fog {unknown}
 x - a scroll of teleportation {unknown}
 z - 3 scrolls of noise {unknown}
 F - a scroll of random uselessness {unknown}
Potions
 b - a potion of mutation {unknown}
 i - 2 potions of heal wounds {unknown}
 l - a potion of magic {unknown}
 r - 5 potions of curing {unknown}
 t - a potion of ambrosia {unknown}
 C - a potion of lignification {unknown}
Books
 A - a book of Minor Magic

   Spells                             Type                      Level
   a - Magic Dart                     Conjuration                  1
   b - Blink                          Translocation                2
   c - Call Imp                       Summoning                    2
   d - Slow                           Hexes                        2
   e - Conjure Flame                  Conjuration/Fire             3
   f - Mephitic Cloud                 Conjuration/Poison/Air       3
Comestibles
 f - 5 bread rations
 o - 2 royal jellies
 q - 7 fruits
 v - 5 meat rations


   Skills:
 + Level 5.7 Fighting
 - Level 8.0 Long Blades
 - Level 2.4 Armour
 - Level 2.6 Shields
 + Level 5.3 Invocations


You had 8 spell levels left.
You didn't know any spells.

Dungeon Overview and Level Annotations

Branches:
Dungeon (7/15)             Temple (1/1) D:4

Altars:
Ashenzari
Cheibriados
Dithmenos
Elyvilon
Fedhas
Gozag
Hepliaklqana
Kikubaaqudgha
Makhleb
Nemelex Xobeh
Okawaru
Ru
Sif Muna
Trog
Uskayaw
Vehumet
Xom
Yredelemnul
Zin
The Shining One

Shops:
D:5 }   D:6 !


Innate Abilities, Weirdness & Mutations

You have razor-sharp teeth.
Your natural rate of healing is unusually fast.
When hurt, damage is shared between your health and your magic reserves.
Your bite disrupts and absorbs the magic of your enemies.
Potions cannot restore your health.
You are immune to rotting.


Message History

The orc priest calls down the wrath of Beogh upon you.
Beogh smites you! You block the orc warrior's attack.
The orc hits you from afar with a trident.
You hit the orc warrior but do no damage.
Your bite misses the orc warrior.
The orc warrior hits you with a dire flail!
* * * LOW HITPOINT WARNING * * *
You block the orc's attack.
You closely miss the orc warrior. You bite the orc warrior.
You drain its power.
You feel invigorated.
The orc warrior is lightly wounded.
The orc warrior hits you with a dire flail!
* * * LOW HITPOINT WARNING * * *
You block the orc's attack.
The orc priest calls down the wrath of Beogh upon you.
Beogh smites you!
* * * LOW HITPOINT WARNING * * *
The orc priest calls down the wrath of Beogh upon you.
Beogh smites you!
You die...

##+##
##...##
##..<..##
##...@...##
#.........#
+....o....+
#....o....#
##...o...##
##.....##
##...##
##o## #.#


You could see an orc warrior, an orc priest and 2 orcs.

Vanquished Creatures
  Pikel (D:6)
  Menkaure (D:5)
  Edmund (D:6)
  The ghost of Ladykiller69 the Chucker, an amateur TrHu of Ru (D:3)
  A phantom (D:4)
  2 ogres (D:5)
  A necrophage (D:6)
  2 bullfrogs
  A howler monkey (D:5)
  A centaur zombie (D:6)
  2 orc priests
  2 hounds
  A bullfrog skeleton (D:6)
  2 iguanas (D:6)
  3 orc wizards
  4 worker ants
  Robin (D:3)
  A howler monkey skeleton (D:6)
  6 adders
  2 adder skeletons (D:5)
  3 worms
  3 dart slugs
  2 leopard geckos
  9 orcs
  4 giant cockroaches
  20 goblins
  6 hobgoblins
  3 jackals (D:5)
  6 kobolds
  10 bats
  9 frilled lizards
  A leopard gecko zombie (D:5)
  16 rats
128 creatures vanquished.

Vanquished Creatures (others)
  A centaur zombie (D:6)
1 creature vanquished.

Grand Total: 129 creatures vanquished

Notes
Turn   | Place    | Note
-------+----------+-------------------------------------------
     0 | D:1      | polve the Vine Stalker Fighter began the quest for the Orb.
     0 | D:1      | Reached XP level 1. HP: 11/11 MP: 2/2
   148 | D:1      | Reached skill level 2 in Long Blades
   190 | D:1      | Reached XP level 2. HP: 15/16 MP: 1/3
   744 | D:1      | Reached skill level 3 in Long Blades
   756 | D:1      | Reached XP level 3. HP: 19/19 MP: 4/4
  1271 | D:2      | Found a faded altar of an unknown god.
  1725 | D:2      | Found a bloodstained altar of Trog.
  1846 | D:2      | Found a snail-covered altar of Cheibriados.
  1946 | D:3      | Noticed Ladykiller69's ghost (amateur TrHu)
  2063 | D:2      | Gained mutation: Your natural rate of healing is unusually fast. [Vine Stalker growth]
  2063 | D:2      | Reached XP level 4. HP: 15/23 MP: 5/5
  2305 | D:3      | Killed Ladykiller69's ghost
  2305 | D:3      | Reached skill level 4 in Long Blades
  2305 | D:3      | Reached XP level 5. HP: 20/27 MP: 6/6
  2306 | D:3      | Reached skill level 5 in Long Blades
  2687 | D:3      | Noticed a moth of wrath
  2687 | D:3      | Noticed Robin
  2730 | D:3      | Killed Robin
  2754 | D:3      | Found a bloodstained altar of Trog.
  2995 | D:4      | Reached XP level 6. HP: 32/32 MP: 7/7
  3135 | D:4      | Noticed a phantom
  3181 | D:4      | Killed a phantom
  3181 | D:4      | Reached skill level 6 in Long Blades
  3351 | D:4      | Found a staircase to the Ecumenical Temple.
  3582 | Temple   | Entered the Ecumenical Temple
  3593 | Temple   | Became a worshipper of Uskayaw the Reveler
  3687 | D:5      | Entered Level 5 of the Dungeon
  3694 | D:5      | Reached * piety under Uskayaw
  3813 | D:5      | Reached ** piety under Uskayaw
  3829 | D:5      | Reached XP level 7. HP: 30/35 MP: 8/8
  3836 | D:5      | Reached *** piety under Uskayaw
  3842 | D:5      | Reached skill level 7 in Long Blades
  3869 | D:5      | Noticed Menkaure
  3876 | D:5      | Killed Menkaure
  4005 | D:5      | Reached skill level 8 in Long Blades
  4092 | D:5      | Found Lacowkaj's Gadget Shoppe.
  4547 | D:6      | Reached skill level 1 in Invocations
  4547 | D:6      | Gained mutation: You have razor-sharp teeth. [Vine Stalker growth]
  4547 | D:6      | Reached XP level 8. HP: 33/40 MP: 9/9
  4640 | D:6      | Found Fiown's Distillery.
  4710 | D:6      | Noticed Edmund
  4731 | D:6      | Killed Edmund
  5117 | D:6      | Noticed Pikel
  5134 | D:6      | Killed Pikel
  5134 | D:6      | Reached skill level 5 in Fighting
  5134 | D:6      | Reached skill level 5 in Invocations
  5134 | D:6      | Reached XP level 9. HP: 33/47 MP: 13/13
  5399 | D:7      | Killed from afar by an orc priest

Skill      XL: |  1  2  3  4  5  6  7  8 |
---------------+-------------------------+-----
Long Blades    | 2 3 4 5 6 8 |  8.0
Fighting       | 3 5 |  5.7
Invocations    | 1 5 |  5.3
Armour         | |  2.4
Shields        | |  2.6

Action                   |  1- 3 |  4- 6 |  7- 9 || total
-------------------------+-------+-------+-------++-------
Melee: Long sword        |   113 |   159 |   166 ||   438
       Bite              |    32 |    45 |    61 ||   138
  Use: Potion            |       |     1 |       ||     1
 Stab: Paralysed         |       |       |     2 ||     2
  Eat: Chunk             |    13 |     6 |     5 ||    24
Armor: Scale mail        |    43 |    54 |    43 ||   140
Dodge: Dodged            |    37 |    46 |    38 ||   121
Block: Shield            |    57 |    70 |    61 ||   188
       Rpst.: Long sword |    11 |    15 |    14 ||    40
